 Dungeon Crawl Stone Soup version 0.20.0-4-g10b340a (webtiles) character file.

8651 inmateoo the Spear-Bearer (level 11, -3/97 HPs)
             Began as a Minotaur Monk on May 27, 2017.
             Was an Elder of Yredelemnul.
             Slain by a sixfirhy (6 damage)
             ... summoned by an orc sorcerer
             ... while paralysed by an orc sorcerer
             ... on level 2 of the Orcish Mines.
             The game lasted 00:17:10 (8736 turns).

inmateoo the Spear-Bearer (Minotaur Monk)           Turns: 8736, Time: 00:17:10

Health: -3/97      AC: 15    Str: 18    XL:     11   Next: 12%
Magic:  2/10       EV:  2    Int:  7    God:    Yredelemnul [****..]
Gold:   50         SH:  0    Dex: 14    Spells: 10/10 levels left

rFire    . . .     SeeInvis .     - Unarmed
rCold    . . .     Gourm    .   (no shield)
rNeg     . . .     Faith    .   d - +0 scale mail
rPois    .         Spirit   .   (helmet restricted)
rElec    .         Reflect  .   t - +1 cloak {MR+}
rCorr    .         Harm     .   y - +0 pair of gloves
MR       +....     Clarity  +   w - +1 pair of boots {Fly}
Stlth    ..........             (no amulet)
Regen    0.3/turn               (no ring)
MPRegen  0.2/turn               (no ring)

@: paralysed, hasted, drained
A: retaliatory headbutt, horns 2, iridescent scales 1, clarity, screaming 1,
MP-powered wands
a: Recall Undead Slaves, Injury Mirror, Animate Dead, Drain Life, Renounce
Religion, Evoke Flight


You were on level 2 of the Orcish Mines.
You worshipped Yredelemnul.
Yredelemnul was greatly pleased with you.
You were not hungry.

You visited 2 branches of the dungeon, and saw 11 of its levels.

You collected 516 gold pieces.
You spent 466 gold pieces at shops.

Inventory:

Hand Weapons
 s - a +0 trident
Armour
 d - a +0 scale mail (worn)
 t - a +1 cloak of magic resistance (worn)
 w - a +1 pair of boots of flying (worn)
 y - a +0 pair of gloves (worn)
Wands
 c - a wand of clouds (6/9)
 e - a wand of acid (0/15)
 k - a wand of random effects (28/48)
 p - a wand of flame (16/48)
Scrolls
 a - 2 scrolls of identify
 h - a scroll of enchant weapon
 i - a scroll of fog
 o - 2 scrolls of recharging
 u - 8 scrolls of remove curse
 v - 2 scrolls of teleportation
 x - a scroll of amnesia
Potions
 n - a potion of agility
Books
 q - a book of Minor Magic

   Spells                             Type                      Level
   a - Magic Dart                     Conjuration                  1
   b - Blink                          Translocation                2
   c - Call Imp                       Summoning                    2
   d - Slow                           Hexes                        2
   e - Conjure Flame                  Conjuration/Fire             3
   f - Mephitic Cloud                 Conjuration/Poison/Air       3
Comestibles
 b - 6 bread rations
 g - 5 meat rations
 j - a fruit
 l - 6 royal jellies


   Skills:
 + Level 9.6(8.3) Fighting
 * Level 11.6(10.2) Polearms
 + Level 8.0(6.8) Armour
 + Level 8.4(7.2) Dodging
 - Level 1.5(0.5) Stealth
 - Level 8.6(7.4) Unarmed Combat


You had 10 spell levels left.
You didn't know any spells.

Dungeon Overview and Level Annotations

Branches:
Dungeon (9/15)             Temple (0/1) D:6             Orc (2/2) D:9
    Elf (0/3) Orc:2
   Lair: D:8-11

Altars:
Cheibriados
Elyvilon
Fedhas
Nemelex Xobeh
Ru
Sif Muna
Xom
Yredelemnul

Shops:
D:4 (   Orc:2 (!*[(![

Annotations:
D:7 Mandevil's ghost, novice DsBe
D:9 Erolcha


Innate Abilities, Weirdness & Mutations

You reflexively headbutt those who attack you in melee.
You have a pair of horns on your head.
You are partially covered in iridescent scales. (AC +2)
You possess an exceptional clarity of mind.
You occasionally shout uncontrollably at your foes.
You expend magic power (3 MP) to strengthen your wands.


Message History

The orc sorcerer hits you with a dagger of holy wrath.
All of the chunks of flesh in your inventory have rotted away.
The sixfirhy is poisoned.
The sixfirhy looks even sicker.
The sixfirhy hits you!
* * * LOW HITPOINT WARNING * * *
The sixfirhy shocks you!
* * * LOW HITPOINT WARNING * * *
The sixfirhy is engulfed in poison gas.
The sixfirhy looks even sicker.
The sixfirhy hits you but does no damage.
The orc warrior is engulfed in poison gas.
The orc warrior is poisoned.
The orc warrior hits you with a long sword!
* * * LOW HITPOINT WARNING * * *
The orc sorcerer hits you but does no damage.
The sixfirhy looks as sick as possible!
The sixfirhy hits you but does no damage.
The sixfirhy is engulfed in poison gas.
The sixfirhy looks as sick as possible!
The sixfirhy hits you.
You die...
Your body rises from the dead as a mindless zombie.

...4.......##........##
....................##
.oo................##
..o..o...........###
..##.#.....$.)...#
...#####....§...##
....#.#.....§§§..#
...#........§§§).##
..###.∩.....§§§3@.###
...##......∩...oo...##
.$o.o.........§§§....##
....oo......##.....∩..#
$....o......##.o.......#
.....P..P...#.........##
...P..o...P##........##
..ooo....P..#.......##
...Po....P.......####


You could see an orc warlord, a sixfirhy, an orc sorcerer and an orc warrior.

Vanquished Creatures
  2 orc high priests (Orc:2)
  A two-headed ogre (D:8)
  An orc sorcerer (Orc:2)
  A hornet (D:8)
  2 hippogriffs
  Sigmund (D:4)
  A warg (Orc:2)
  Duvessa (D:5)
  A black bear (D:8)
  A sky beast (D:9)
  11 orc warriors
  5 phantoms
  The ghost of Jumanji the Cudgeler, an amateur MiFi (D:3)
  7 ogres
  A crocodile (D:9)
  3 bullfrogs
  Dowan (D:5)
  2 scorpions
  6 howler monkeys
  3 wights (D:9)
  A crimson imp (D:8)
  A centaur zombie (D:8)
  4 hounds
  A bullfrog zombie (D:6)
  A jelly (D:7)
  5 orc priests
  2 centaur skeletons
  Crazy Yiuf (D:4)
  24 orc wizards
  Terence (D:2)
  2 bullfrog skeletons
  2 iguanas
  4 worker ants
  6 gnolls
  13 adders
  A shadow imp (D:8)
  An ooze (D:1)
  4 adder skeletons
  An adder zombie (D:5)
  2 worms (D:2)
  3 dart slugs
  4 leopard geckos
  53 orcs
  5 bats
  10 giant cockroaches
  2 gnoll zombies (D:6)
  7 goblins
  8 hobgoblins
  9 jackals
  11 kobolds
  5 quokkas
  A frilled lizard (D:1)
  A jackal skeleton (D:7)
  A quokka zombie (D:7)
  6 rats
  A fungus (Orc:2)
256 creatures vanquished.

Vanquished Creatures (collateral kills)
  An orc high priest (Orc:2)
  An orc sorcerer (Orc:2)
  A warg (Orc:2)
  3 orc warriors (Orc:2)
  An ogre (Orc:2)
7 creatures vanquished.

Vanquished Creatures (others)
  3 flying skulls (Orc:2)
  14 fungi (Orc:2)
17 creatures vanquished.

Grand Total: 280 creatures vanquished

Notes
Turn   | Place    | Note
-------+----------+-------------------------------------------
     0 | D:1      | inmateoo the Minotaur Monk began the quest for the Orb.
     0 | D:1      | Reached XP level 1. HP: 19/19 MP: 0/0
   100 | D:1      | Reached XP level 2. HP: 20/26 MP: 1/1
   411 | D:1      | Reached XP level 3. HP: 31/31 MP: 2/2
   579 | D:2      | Noticed Terence
   587 | D:2      | Reached skill level 5 in Unarmed Combat
   598 | D:2      | Killed Terence
   598 | D:2      | Reached XP level 4. HP: 18/39 MP: 3/3
  1500 | D:3      | Reached XP level 5. HP: 41/45 MP: 4/4
  1543 | D:3      | Noticed Jumanji's ghost (amateur MiFi)
  2103 | D:3      | Found a blossoming altar of Fedhas.
  2210 | D:3      | Found a sparkling altar of Nemelex Xobeh.
  2221 | D:3      | Killed Jumanji's ghost
  2221 | D:3      | Reached XP level 6. HP: 31/51 MP: 5/5
  2433 | D:4      | Found a shimmering altar of Xom.
  2433 | D:4      | Found a shimmering altar of Xom.
  2435 | D:4      | Found a shimmering altar of Xom.
  2855 | D:4      | Found Faagg's Antique Weapon Shoppe.
  2951 | D:4      | Reached XP level 7. HP: 54/58 MP: 6/6
  2969 | D:4      | Reached skill level 1 in Polearms
  3004 | D:4      | Reached skill level 1 in Armour
  3035 | D:4      | Noticed Sigmund
  3049 | D:4      | Killed Sigmund
  3049 | D:4      | Reached skill level 2 in Polearms
  3074 | D:4      | Reached skill level 3 in Polearms
  3287 | D:4      | Found a runed door.
  3527 | D:4      | Noticed Crazy Yiuf
  3531 | D:4      | Killed Crazy Yiuf
  3571 | D:5      | Entered Level 5 of the Dungeon
  3571 | D:5      | Noticed Duvessa
  3575 | D:5      | Noticed Dowan
  3635 | D:5      | Reached skill level 4 in Polearms
  3635 | D:5      | Reached XP level 8. HP: 64/67 MP: 7/7
  3646 | D:5      | Killed Duvessa
  3646 | D:5      | Reached skill level 5 in Fighting
  3653 | D:5      | Killed Dowan
  3690 | D:5      | Reached skill level 5 in Polearms
  4400 | D:5      | Found a deep blue altar of Sif Muna.
  4400 | D:5      | Found a white marble altar of Elyvilon.
  4431 | D:6      | Reached skill level 5 in Dodging
  4557 | D:6      | Reached skill level 6 in Polearms
  5028 | D:6      | Reached XP level 9. HP: 78/78 MP: 8/8
  5458 | D:6      | Found a basalt altar of Yredelemnul.
  5543 | D:6      | Became a worshipper of Yredelemnul the Dark
  5543 | D:6      | Reached * piety under Yredelemnul
  5543 | D:6      | Reached ** piety under Yredelemnul
  5625 | D:6      | Found a staircase to the Ecumenical Temple.
  5715 | D:6      | Reached skill level 7 in Polearms
  5715 | D:6      | Reached skill level 5 in Armour
  5825 | D:7      | Noticed Mandevil's ghost (novice DsBe)
  6440 | D:7      | Reached skill level 8 in Polearms
  6915 | D:7      | Reached *** piety under Yredelemnul
  6944 | D:8      | Found a snail-covered altar of Cheibriados.
  6984 | D:8      | Reached skill level 9 in Polearms
  7051 | D:8      | Found a sacrificial altar of Ru.
  7249 | D:8      | Reached XP level 10. HP: 61/88 MP: 9/9
  7413 | D:8      | Noticed a two-headed ogre
  7624 | D:8      | Killed a two-headed ogre
  8033 | D:9      | Found a staircase to the Orcish Mines.
  8075 | D:9      | Reached skill level 10 in Polearms
  8080 | D:9      | Gained mutation: You are partially covered in iridescent scales. (AC +2) [mutagenic meat]
  8081 | D:9      | Gained mutation: You possess an exceptional clarity of mind. [mutagenic meat]
  8086 | D:9      | Noticed Erolcha
  8110 | Orc:1    | Entered Level 1 of the Orcish Mines
  8407 | Orc:2    | Entered Level 2 of the Orcish Mines
  8407 | Orc:2    | Noticed an orc sorcerer
  8407 | Orc:2    | Noticed an orc high priest
  8407 | Orc:2    | Noticed an orc sorcerer
  8410 | Orc:2    | Noticed an orc high priest
  8496 | Orc:2    | Found Tush's Antique Weapon Emporium.
  8497 | Orc:2    | Noticed an orc high priest
  8498 | Orc:2    | Noticed an orc sorcerer
  8505 | Orc:2    | Noticed an orc high priest
  8506 | Orc:2    | Found Keru's Antique Weapon Shoppe.
  8507 | Orc:2    | Gained mutation: You occasionally shout uncontrollably at your foes. [a neqoxec]
  8508 | Orc:2    | Found Ibrohapo's Distillery.
  8511 | Orc:2    | Noticed an orc warlord
  8513 | Orc:2    | Bought a potion of invisibility for 96 gold pieces
  8513 | Orc:2    | Bought a potion of haste for 120 gold pieces
  8513 | Orc:2    | Bought a potion of heal wounds for 60 gold pieces
  8515 | Orc:2    | Found Lazipir's General Store.
  8515 | Orc:2    | Noticed an orc sorcerer
  8516 | Orc:2    | Found a staircase to the Elven Halls.
  8516 | Orc:2    | Noticed an orc warlord
  8516 | Orc:2    | Found Itaz's Antique Armour Shoppe.
  8516 | Orc:2    | Found Jeakhlaoll's Distillery.
  8516 | Orc:2    | Noticed an orc high priest
  8527 | Orc:2    | Killed an orc high priest
  8531 | Orc:2    | Reached **** piety under Yredelemnul
  8541 | Orc:2    | Received a gift from Yredelemnul (3 flying skulls)
  8545 | Orc:2    | Reached skill level 11 in Polearms
  8658 | Orc:2    | Noticed a sun demon
  8661 | Orc:2    | Killed an orc sorcerer
  8662 | Orc:2    | Noticed a rust devil
  8663 | Orc:2    | Killed an orc high priest
  8664 | Orc:2    | Gained mutation: You expend magic power (3 MP) to strengthen your wands. [a neqoxec]
  8682 | Orc:2    | Bought a potion of haste for 100 gold pieces
  8682 | Orc:2    | Bought a potion of heal wounds for 50 gold pieces
  8682 | Orc:2    | Bought a potion of agility for 40 gold pieces
  8697 | Orc:2    | Noticed an orc sorcerer
  8697 | Orc:2    | Found Voukko's Armour Emporium.
  8711 | Orc:2    | Killed an orc sorcerer
  8711 | Orc:2    | Reached XP level 11. HP: 83/97 MP: 6/10
  8719 | Orc:2    | Killed an orc high priest
  8731 | Orc:2    | Paralysed by an orc sorcerer for 7 turns
  8733 | Orc:2    | Noticed a sixfirhy
  8735 | Orc:2    | HP: 3/97 [orc warrior/long sword (8)]
  8736 | Orc:2    | Slain by a sixfirhy

Skill      XL: |  1  2  3  4  5  6  7  8  9 10 11 |
---------------+----------------------------------+-----
Unarmed Combat | 4 5 6 7 8 |  8.6
Polearms       | 4 6 9 11 | 11.6
Armour         | 2 4 6 7 8 |  8.0
Fighting       | 4 6 8 9 |  9.6
Dodging        | 4 5 6 8 |  8.4
Stealth        | |  1.5

Action                   |  1- 3 |  4- 6 |  7- 9 | 10-12 || total
-------------------------+-------+-------+-------+-------++-------
Melee: Unarmed           |    82 |   133 |   413 |   147 ||   775
       Headbutt          |    14 |    30 |   101 |    35 ||   180
       Punch             |     1 |     2 |    11 |    10 ||    24
 Abil: Stop Flying       |       |       |     1 |       ||     1
Evoke: Wand              |       |     3 |    10 |     6 ||    19
  Use: Scroll            |       |     9 |     8 |     8 ||    25
       Potion            |       |       |     2 |    12 ||    14
 Stab: Invisible         |       |       |       |     1 ||     1
       Confused          |       |       |       |     2 ||     2
  Eat: Chunk             |       |     6 |    14 |     7 ||    27
Armor: Scale mail        |    30 |    37 |   127 |    43 ||   237
Dodge: Dodged            |    39 |    52 |   213 |    69 ||   373
